 Dungeon Crawl Stone Soup version 0.22.1-6-g1668fe2 (webtiles) character file.

199170 Kairos the Severer (level 18, -2/101 HPs)
             Began as a Vine Stalker Fighter on Jan 24, 2019.
             Was a High Priest of Okawaru.
             Slain by an eight-headed hydra (7 damage)
             ... on level 4 of the Swamp.
             The game lasted 01:27:33 (26170 turns).

Kairos the Severer (Vine Stalker Fighter)          Turns: 26170, Time: 01:27:35

Health: -2/101     AC: 14    Str: 31    XL:     18   Next: 46%
Magic:  0/22       EV: 20    Int:  8    God:    Okawaru [*****.]
Gold:   1612       SH: 21    Dex: 17    Spells: 17/17 levels left

rFire    + . .     SeeInvis +   c - +4 broad axe (flame)
rCold    + + .     Gourm    .   C - +4 shield of the Crypt {rC++}
rNeg     . . .     Faith    .   h - +2 robe of Vines {NoPotionHeal Regen+7}
rPois    +         Spirit   +   Q - +2 helmet
rElec    .         Reflect  .   (no cloak)
rCorr    .         Harm     .   W - +0 pair of gloves of Jungihakh {MR- Slay+5 SInv}
MR       ++...                  N - +2 pair of boots
Stlth    ++++++....             K - amulet of regeneration
HPRegen  4.26/turn              S - ring "Niutzoc" {rF+ MR+ Str+3}
MPRegen  0.18/turn              D - ring of poison resistance

@: heroism
A: fangs 3, thin skeletal structure 1, mutation resistance 1, regeneration 2,
strong 1, magic shield, antimagic bite, no potion heal 3, rot immunity
}: 1/15 runes: serpentine
a: Heroism, Finesse, Renounce Religion


You were on level 4 of the Swamp.
You worshipped Okawaru.
Okawaru was extremely pleased with you.
You were not hungry.

You visited 5 branches of the dungeon, and saw 27 of its levels.
You visited 1 bazaar.
You also visited: Ice Cave.

You collected 2039 gold pieces.
You spent 427 gold pieces at shops.

Inventory:

Hand Weapons
 b - the +4 hand axe "Ahiufott" {holy, +Rage Stlth+}
   (Okawaru gifted it to you on level 1 of the Snake Pit)

   It has been blessed by the Shining One to cause great damage to the undead
   and demons.
   It lets you go berserk.
   It makes you more stealthy.
 c - a +4 broad axe of flaming (weapon)
 x - a +3 war axe of electrocution
 H - the +3 whip "Muicif" {antimagic, MR- Int+2 Dex+5}
   (You found it on level 2 of the Swamp)

   It reduces the magical energy of the wielder, and disrupts the spells and
   magical abilities of those hit.
   Natural abilities and divine invocations are not affected.
   It affects your intelligence (+2).
   It affects your dexterity (+5).
   It affects your resistance to hostile enchantments.
 U - a +4 broad axe of flaming
Missiles
 t - 2 silver javelins (quivered)
Armour
 h - the +2 robe of Vines (worn) {NoPotionHeal Regen+7}
   (You found it on level 6 of the Dungeon)

   It increases your rate of regeneration.
 q - a +8 large shield
 C - the +4 shield of the Crypt (worn) {rC++}
   (Okawaru gifted it to you on level 2 of the Snake Pit)

   It greatly protects you from cold.
 L - a +0 plate armour of magic resistance
 N - a +2 pair of boots (worn)
 Q - a +2 helmet (worn)
 W - the +0 pair of gloves of Jungihakh (worn) {MR- Slay+5 SInv}
   (Okawaru gifted it to you on level 6 of the Lair of Beasts)

   It affects your accuracy and damage with ranged weapons and melee attacks
   (+5).
   It affects your resistance to hostile enchantments.
   It lets you see invisible.
 X - a +2 plate armour of fire resistance
 Z - +2 fire dragon scales
Jewellery
 r - the ring "Jystoefa" {AC+2 Int+7}
   (You found it in an ice cave)

   [ring of protection]

   It affects your AC (+2).
   It affects your intelligence (+7).
 y - an uncursed ring of protection from cold
 D - a ring of poison resistance (right hand)
 I - a +4 amulet of reflection
 K - an amulet of regeneration (around neck)
 O - a +3 ring of evasion
 P - an uncursed ring of flight
 S - the ring "Niutzoc" (left hand) {rF+ MR+ Str+3}
   (You found it on level 3 of the Lair of Beasts)

   [ring of protection from magic]

   It affects your strength (+3).
   It protects you from fire.
   It affects your resistance to hostile enchantments.
Wands
 n - a wand of digging (11)
 s - a wand of disintegration (15)
 F - a wand of acid (27)
 R - a wand of iceblast (17)
 T - a wand of scattershot (6)
Scrolls
 a - a scroll of acquirement
 g - 6 scrolls of fog
 u - 6 scrolls of fear
 v - 13 scrolls of teleportation
 w - 9 scrolls of remove curse
 z - 2 scrolls of identify
 E - 2 scrolls of magic mapping
 G - 2 scrolls of enchant armour
 M - 2 scrolls of blinking
Potions
 d - 10 potions of might
 e - 3 potions of agility
 i - 5 potions of brilliance
 j - 3 potions of lignification
 k - 2 potions of magic
 l - 3 potions of cancellation
 m - 2 potions of haste
 o - 3 potions of curing
 p - 4 potions of berserk rage
 A - a potion of flight
 B - 2 potions of ambrosia
 V - a potion of invisibility
Miscellaneous
 J - a fan of gales
Comestibles
 f - 52 rations


   Skills:
 + Level 13.7(18.7) Fighting
 - Level 18.0(23.0) Axes
 + Level 10.2(15.2) Armour
 + Level 6.1(11.1) Dodging
 + Level 6.9(11.9) Stealth
 + Level 13.6(18.6) Shields
 + Level 5.3 Invocations


You had 17 spell levels left.
You didn't know any spells.
Your spell library contained the following spells:

 Spells                   Type           Power        Failure   Level  Hunger
 Animate Skeleton         Necr           N/A          41%         1    ##.....
 Apportation              Tloc           #.....       41%         1    ##.....
 Confusing Touch          Hex            #.....       41%         1    ##.....
 Sandblast                Erth           #.....       41%         1    ##.....
 Summon Small Mammal      Summ           #...         41%         1    ##.....
 Corpse Rot               Necr           N/A          54%         2    ###....
 Passwall                 Tmut/Erth      #.......     54%         2    ###....
 Sublimation of Blood     Necr           #.........   54%         2    ###....
 Stone Arrow              Conj/Erth      #.....       78%         3    ####...
 Ice Form                 Ice/Tmut       #.......     99%         4    #####..
 Petrify                  Tmut/Erth      #.......     99%         4    #####..
 Agony                    Necr           #.......     100%        5    ######.
 Bolt of Draining         Conj/Necr      #.........   100%        5    ######.
 Dispel Undead            Necr           #.......     100%        5    ######.
 Excruciating Wounds      Chrm/Necr      #.........   100%        5    ######.
 Lee's Rapid Deconstruct  Erth           #.........   100%        5    ######.
 Metabolic Englaciation   Hex/Ice        #.........   100%        5    ######.
 Bolt of Cold             Conj/Ice       #.........   100%        6    #######
 Freezing Cloud           Conj/Ice/Air   #.........   100%        6    #######
 Ozocubu's Refrigeration  Ice            #.........   100%        6    #######
 Simulacrum               Ice/Necr       #.........   100%        6    #######
 Haunt                    Necr/Summ      #.........   100%        7    #######
 Borgnjor's Revivificati  Necr           #.........   100%        8    #######
 Death's Door             Chrm/Necr      #.........   100%        8    #######
 Infestation              Necr           #.........   100%        8    #######
 Necromutation            Tmut/Necr      #.........   100%        8    #######


Dungeon Overview and Level Annotations

Branches:
Dungeon (12/15)            Temple (1/1) D:5            Lair (6/6) D:9
  Swamp (4/4) Lair:4        Snake (4/4) Lair:2        Slime (0/5) Lair:5
    Orc: D:9-12

Altars:
Ashenzari
Cheibriados
Dithmenos
Elyvilon
Fedhas
Gozag
Hepliaklqana
Kikubaaqudgha
Makhleb
Nemelex Xobeh
Okawaru
Qazlal
Ru
Sif Muna
Trog
Uskayaw
Vehumet
Wu Jian
Xom
Yredelemnul
Zin
The Shining One
Jiyva

Shops:
D:5 [:}!   D:11 ?   Snake:1 ((}

Portals:
Trove: D:10 (give 7 scrolls of blinking)

Annotations:
D:12 Nessos


Innate Abilities, Weirdness & Mutations

You have razor-sharp teeth.
You heal very quickly.
When hurt, damage is shared between your health and your magic reserves.
Your bite disrupts and absorbs the magic of your enemies.
Potions cannot restore your health.
You are immune to rotting.
You have a somewhat thin skeletal structure. (Dex +2, Stealth)
You are somewhat resistant to further mutation.
Your muscles are strong. (Str +2)


Message History

* * * LOW HITPOINT WARNING * * *
The seven-headed hydra barely misses you.
The seven-headed hydra bites you.
* * * LOW HITPOINT WARNING * * *
The five-headed hydra barely misses you.
The five-headed hydra closely misses you.
The five-headed hydra bites you but does no damage.
The five-headed hydra bites you!
* * * LOW HITPOINT WARNING * * *
The five-headed hydra bites you!
* * * LOW HITPOINT WARNING * * *
The eight-headed hydra bites you but does no damage.
You block the eight-headed hydra's attack.
The eight-headed hydra bites you but does no damage.
The eight-headed hydra bites you.
* * * LOW HITPOINT WARNING * * *
The eight-headed hydra completely misses you.
The eight-headed hydra barely misses you.
The eight-headed hydra bites you!
You die...

..≈≈...
.≈≈..≈≈
...≈.≈≈
≈≈≈≈.≈.
≈≈≈≈...♣♣
≈≈≈≈....♣♣ ♣
≈≈≈...§D§♣♣
≈♣ ♣§D@§≈♣♣≈♣
♣♣§DDi[≈♣
♣.§iik[≈♣
♣≈≈.t.≈.≈D≈.≈
♣♣♣≈≈≈≈≈##.##
.≈≈♣≈♣## ..#
≈≈...≈# ..#
≈≈...♣♣# ..#
≈≈♣.. .D#


You could see an alligator, 2 eight-headed hydras, a seven-headed hydra, a
five-headed hydra, a swamp dragon, 2 spriggan riders, a spriggan druid and a
swamp drake.

Vanquished Creatures
  Nikola (Snake:1)
  An Ice Fiend (IceCv)
  Asterion (Snake:1)
  Frances (Snake:1)
  A thorn hunter (Swamp:3)
  9 nagarajas
  Louise (Snake:2)
  The ghost of Harpaggios the Martial Artist, a journeyman GnTm of Makhleb (Swamp:3)
  19 naga warriors
  13 hydras
  7 ghost crabs
  Erica (D:9)
  8 alligators
  3 anacondas
  A two-headed ogre (D:8)
  13 naga sharpshooters
  12 shock serpents
  3 salamander mystics
  A sea snake (Snake:1)
  5 spriggan druids
  7 naga ritualists
  A shambling mangrove (Swamp:2)
  Pikel (D:6)
  12 mana vipers
  5 swamp dragons
  A necromancer (Lair:3)
  11 salamanders
  A wolf spider (Lair:6)
  2 cyclopes
  10 elephants
  3 apocalypse crabs (Swamp:2)
  An ice statue (IceCv)
  20 naga magi
  36 black mambas
  6 guardian serpents
  A gargoyle (D:10)
  A centaur skeleton (D:10)
  31 spiny frogs
  5 ice devils (IceCv)
  3 rime drakes
  4 freezing wraiths (IceCv)
  5 komodo dragons
  2 golden dragon simulacra (IceCv)
  5 anaconda simulacra (IceCv)
  4 trolls
  3 meliai (Lair:5)
  A queen bee (Lair:5)
  9 tyrant leeches
  2 slime creatures (D:12)
  13 hornets
  2 polar bears
  11 bog bodies
  18 blink frogs
  9 hippogriffs
  6 dream sheep (Lair:5)
  Sigmund (D:2)
  A redback (Lair:6)
  76 yaks
  5 spriggans
  A vampire (D:11)
  3 dire elephant simulacra (IceCv)
  Eustachio (D:6)
  A steam dragon (Lair:3)
  10 wyverns
  A basilisk (Lair:3)
  37 vampire mosquitoes
  3 harpy simulacra (IceCv)
  21 insubstantial wisps
  11 swamp worms
  2 iron troll simulacra (IceCv)
  66 nagas
  A soldier ant (D:9)
  3 hydra simulacra (IceCv)
  19 water moccasins
  5 porcupines
  5 orc warriors
  2 ice beasts
  A sky beast (D:8)
  A slave (D:6)
  An ettin simulacrum (IceCv)
  6 swamp drakes
  An elephant zombie (Lair:3)
  5 ogres
  An eye of draining (D:12)
  3 phantoms
  2 alligator simulacra (IceCv)
  9 wolves
  4 centaurs
  12 crocodiles
  A wyvern zombie (D:9)
  15 bullfrogs
  4 scorpions
  An elephant simulacrum (IceCv)
  27 killer bees
  8 wights
  11 electric eels
  A howler monkey (D:9)
  7 crimson imps
  3 centaur zombies
  2 quasits (D:11)
  2 jellies
  3 draconian simulacra (IceCv)
  9 hounds
  3 orc priests
  A bullfrog skeleton (D:11)
  An iguana (D:9)
  7 orc wizards
  10 worker ants
  2 spriggan simulacra (IceCv)
  A troll simulacrum (IceCv)
  A crocodile zombie (Lair:3)
  2 centaur simulacra (IceCv)
  A hound zombie (D:7)
  A hound skeleton (D:9)
  Robin (D:3)
  A howler monkey skeleton (D:9)
  4 ogre simulacra (IceCv)
  9 adders
  4 naga simulacra (IceCv)
  4 shadow imps
  5 white imps (IceCv)
  5 ufetubi (IceCv)
  4 oozes
  4 worms
  4 dart slugs
  5 leopard geckos
  42 orcs
  4 bats
  5 giant cockroaches
  13 goblins
  11 hobgoblins
  21 jackals
  2 quokkas
  7 frilled lizards
  9 kobolds
  A leopard gecko zombie (D:7)
  4 quokka skeletons
  2 rats
  7 briar patches (Swamp:3)
  4 bushes
  5 fungi
  6 plants
992 creatures vanquished.

Vanquished Creatures (others)
  2 spriggan druids (Swamp:2)
  2 nagas (Snake:4)
  A slave (D:6)
  A swamp drake (Swamp:3)
  Blork the orc (D:6)
  3 jackals (D:6)
  5 fungi (Lair:6)
  11 plants
26 creatures vanquished.

Grand Total: 1018 creatures vanquished

Notes
Turn   | Place    | Note
-------+----------+-------------------------------------------
     0 | D:1      | Kairos the Vine Stalker Fighter began the quest for the
                  | Orb.
     0 | D:1      | Reached XP level 1. HP: 11/11 MP: 2/2
    70 | D:1      | Reached XP level 2. HP: 16/16 MP: 3/3
   156 | D:1      | Reached skill level 2 in Axes
   184 | D:1      | Reached XP level 3. HP: 20/20 MP: 4/4
  1074 | D:2      | Gained mutation: Your natural rate of healing is unusually
                  | fast. [Vine Stalker growth]
  1074 | D:2      | Reached XP level 4. HP: 20/24 MP: 5/5
  1179 | D:2      | Noticed Sigmund
  1188 | D:2      | Gained mutation: You are somewhat resistant to further
                  | mutation. [potion of mutation]
  1188 | D:2      | Gained mutation: You have a somewhat thin skeletal
                  | structure. (Dex +2, Stealth) [potion of mutation]
  1188 | D:2      | Gained mutation: Your muscles are strong. (Str +2) [potion
                  | of mutation]
  1201 | D:2      | Killed Sigmund
  1201 | D:2      | Reached skill level 3 in Axes
  1201 | D:2      | Reached XP level 5. HP: 15/28 MP: 4/6
  1201 | D:2      | Reached XP level 6. HP: 18/32 MP: 4/7
  1546 | D:2      | Found a faded altar of an unknown god.
  1604 | D:2      | Found a stormy altar of Qazlal.
  1797 | D:2      | Found a white marble altar of Elyvilon.
  1940 | D:3      | Reached skill level 4 in Axes
  1946 | D:3      | Found a glowing golden altar of the Shining One.
  2096 | D:3      | Found a radiant altar of Vehumet.
  2392 | D:4      | Noticed Robin
  2447 | D:3      | Killed Robin
  2644 | D:4      | Found a hide-covered altar of Uskayaw.
  2757 | D:4      | Reached XP level 7. HP: 33/37 MP: 8/8
  2809 | D:4      | Found a blossoming altar of Fedhas.
  2996 | D:4      | Found a sparkling altar of Nemelex Xobeh.
  3544 | D:5      | Entered Level 5 of the Dungeon
  3544 | D:5      | Found Kuplioff's Gadget Emporium.
  3567 | D:5      | Found Xosiexoneo's Distillery.
  3596 | D:5      | Found an ancient bone altar of Kikubaaqudgha.
  3654 | D:5      | Found Quughid's Book Shoppe.
  3700 | D:5      | Reached skill level 5 in Axes
  3797 | D:5      | Found a deep blue altar of Sif Muna.
  3950 | D:5      | Found a staircase to the Ecumenical Temple.
  4062 | Temple   | Entered the Ecumenical Temple
  4257 | D:5      | Found a snail-covered altar of Cheibriados.
  4258 | D:5      | Found an ornate altar of the Wu Jian Council.
  4284 | D:5      | Found Amote's Armour Boutique.
  4360 | D:6      | Noticed Pikel
  4367 | D:6      | Killed Pikel
  4367 | D:6      | Reached skill level 6 in Axes
  4367 | D:6      | Reached skill level 1 in Dodging
  4367 | D:6      | Reached skill level 1 in Stealth
  4367 | D:6      | Gained mutation: You have razor-sharp teeth. [Vine Stalker
                  | growth]
  4367 | D:6      | Reached XP level 8. HP: 36/42 MP: 9/9
  4431 | D:6      | Killed Blork the orc
  4464 | D:6      | Found an iron altar of Okawaru.
  4509 | D:6      | Became a worshipper of Warmaster Okawaru
  4547 | D:6      | Noticed Eustachio
  4557 | D:6      | Killed Eustachio
  4557 | D:6      | Reached skill level 5 in Shields
  4627 | D:6      | Found the +2 robe of Vines {NoPotionHeal Regen+7}
  5072 | D:6      | Reached XP level 9. HP: 46/46 MP: 10/10
  5306 | D:7      | Reached skill level 7 in Axes
  5310 | D:7      | Reached skill level 5 in Armour
  5343 | D:7      | Reached * piety under Okawaru
  5573 | D:8      | Reached skill level 5 in Fighting
  5749 | D:8      | Found a glowing silver altar of Zin.
  5788 | D:8      | Noticed a two-headed ogre
  5795 | D:8      | Killed a two-headed ogre
  5795 | D:8      | Reached ** piety under Okawaru
  5795 | D:8      | Reached skill level 8 in Axes
  5884 | D:8      | Reached XP level 10. HP: 53/53 MP: 11/11
  5936 | D:8      | Reached skill level 1 in Invocations
  6009 | D:8      | Found a shadowy altar of Dithmenos.
  6423 | D:8      | Reached *** piety under Okawaru
  6478 | D:9      | Found a basalt altar of Yredelemnul.
  6494 | D:9      | Reached skill level 9 in Axes
  6690 | D:9      | Noticed Erica
  6698 | D:9      | Killed Erica
  6749 | D:9      | You fall through a shaft for 3 floors!
  6856 | D:12     | Noticed a cyclops
  6908 | D:12     | Noticed Nessos
  7004 | D:10     | Entered Level 10 of the Dungeon
  7022 | D:10     | Reached **** piety under Okawaru
  7023 | D:10     | Noticed a gargoyle
  7025 | D:10     | Got a scintillating copper ring
  7028 | D:10     | Identified the ring of Kawaofokk {*Corrode Str-2 Int+9 SInv
                  | Stlth-} (You found it on level 10 of the Dungeon)
  7045 | D:10     | Killed a gargoyle
  7045 | D:10     | Reached skill level 10 in Axes
  7174 | D:10     | Reached XP level 11. HP: 58/58 MP: 13/13
  7523 | D:10     | Noticed a cyclops
  7530 | D:10     | Killed a cyclops
  7569 | D:10     | Found a portal to a secret trove of treasure.
  7652 | D:10     | Reached ***** piety under Okawaru
  7863 | D:11     | Found Cyptu's Magic Scroll Boutique.
  8037 | D:11     | Noticed a cyclops
  8044 | D:11     | Reached skill level 11 in Axes
  8049 | D:11     | Killed a cyclops
  8200 | D:11     | Received a gift from Okawaru
  9033 | D:9      | Found a staircase to the Lair.
  9037 | D:9      | Gained mutation: You heal very quickly. [Vine Stalker
                  | growth]
  9037 | D:9      | Reached XP level 12. HP: 63/63 MP: 14/14
  9692 | Lair:1   | Entered Level 1 of the Lair of Beasts
  9865 | D:9      | Reached skill level 12 in Axes
 10052 | Lair:1   | Found a hazy altar of Hepliaklqana.
 10639 | Lair:2   | Found a staircase to the Snake Pit.
 10977 | Lair:2   | Noticed an eight-headed hydra
 11650 | Lair:3   | Reached XP level 13. HP: 54/68 MP: 13/15
 11650 | Lair:3   | Received a gift from Okawaru
 11650 | Lair:3   | Reached skill level 13 in Axes
 11939 | Lair:3   | Got a coiled turquoise ring
 11942 | Lair:3   | Identified the ring "Niutzoc" {rF+ MR+ Str+3} (You found it
                  | on level 3 of the Lair of Beasts)
 12652 | Lair:4   | Found a staircase to the Swamp.
 13000 | Lair:4   | Received a gift from Okawaru
 13641 | Lair:5   | Found a viscous altar of Jiyva.
 13641 | Lair:5   | Found a staircase to the Slime Pits.
 13706 | Lair:5   | Reached ****** piety under Okawaru
 13708 | Lair:5   | Received a gift from Okawaru
 13708 | Lair:5   | Reached skill level 14 in Axes
 13771 | Lair:5   | Reached XP level 14. HP: 31/75 MP: 16/16
 14124 | Lair:6   | Entered Level 6 of the Lair of Beasts
 14239 | Lair:6   | Reached skill level 10 in Shields
 14520 | Lair:6   | Received a gift from Okawaru
 14675 | Lair:6   | Got a pair of translucent gloves {god gift}
 14681 | Lair:6   | Identified the +0 pair of gloves of Jungihakh {MR- Slay+5
                  | SInv} (Okawaru gifted it to you on level 6 of the Lair of
                  | Beasts)
 14718 | Lair:6   | Reached skill level 15 in Axes
 14977 | Lair:6   | Reached skill level 10 in Fighting
 15375 | Snake:1  | Entered Level 1 of the Snake Pit
 15375 | Snake:1  | Noticed Asterion
 15388 | Snake:1  | Noticed an Executioner
 15393 | Snake:1  | Killed Asterion
 15799 | Snake:1  | Reached XP level 15. HP: 81/81 MP: 18/18
 15816 | Snake:1  | Received a gift from Okawaru
 15827 | Snake:1  | Got a fine hand axe {god gift}
 15970 | Snake:1  | Noticed Nikola
 16196 | Snake:1  | Killed Nikola
 16239 | Snake:1  | Noticed Frances
 16248 | Snake:1  | Killed Frances
 16275 | Snake:1  | Found Wuedd's Gadget Emporium.
 16537 | Snake:1  | Found Colot's Weapon Shoppe.
 16545 | Snake:1  | Found a gateway to a bazaar.
 16546 | Snake:1  | Found Cepheono's Weapon Shoppe.
 16926 | Bazaar   | Entered a bazaar
 16940 | Bazaar   | Found Hyngiupp's Antique Weapon Shoppe.
 16940 | Bazaar   | Found Gotutteu's Book Emporium.
 16961 | Bazaar   | Found Vaseasemp's Weapon Emporium.
 17039 | Bazaar   | Bought 2 silver javelins for 43 gold pieces
 17144 | Snake:2  | Received a gift from Okawaru
 17361 | Snake:2  | Noticed a nagaraja
 17372 | Snake:2  | Killed a nagaraja
 17372 | Snake:2  | Reached skill level 16 in Axes
 17373 | Snake:2  | Noticed a nagaraja
 17383 | Snake:2  | Killed a nagaraja
 17497 | Snake:2  | Noticed Louise
 17511 | Snake:2  | Killed Louise
 17817 | Snake:2  | Received a gift from Okawaru
 17820 | Snake:2  | Got a crude shield {god gift}
 17831 | Snake:2  | Identified the +4 shield of the Crypt {rC++} (Okawaru
                  | gifted it to you on level 2 of the Snake Pit)
 18936 | Snake:3  | Reached XP level 16. HP: 87/87 MP: 20/20
 19300 | Snake:3  | Noticed a nagaraja
 19309 | Snake:3  | Killed a nagaraja
 19405 | Snake:3  | Received a gift from Okawaru
 20046 | Snake:4  | Entered Level 4 of the Snake Pit
 20224 | Snake:4  | Noticed a nagaraja
 20237 | Snake:4  | Killed a nagaraja
 20480 | Snake:4  | Reached skill level 17 in Axes
 20538 | Snake:4  | Noticed a nagaraja
 20547 | Snake:4  | Killed a nagaraja
 20770 | Snake:4  | Noticed a nagaraja
 20783 | Snake:4  | Killed a nagaraja
 20783 | Snake:4  | Received a gift from Okawaru
 20907 | Snake:4  | Reached skill level 10 in Armour
 20996 | Snake:4  | Reached XP level 17. HP: 75/93 MP: 21/21
 21418 | Snake:4  | Received a gift from Okawaru
 21675 | Snake:4  | Got a serpentine rune of Zot
 22409 | D:11     | Bought a scroll of enchant armour for 90 gold pieces
 22409 | D:11     | Bought a scroll of identify for 24 gold pieces
 22409 | D:11     | Bought 3 scrolls of enchant armour for 270 gold pieces
 22715 | Swamp:1  | Entered Level 1 of the Swamp
 22947 | Swamp:1  | Received a gift from Okawaru
 23014 | Swamp:1  | Reached skill level 5 in Dodging
 23438 | Swamp:2  | Found a frozen archway.
 23453 | IceCv    | Entered an ice cave
 23518 | IceCv    | Reached skill level 5 in Stealth
 23690 | IceCv    | Reached skill level 18 in Axes
 23822 | IceCv    | Noticed an Ice Fiend
 23825 | IceCv    | Received a gift from Okawaru
 23838 | IceCv    | Killed an Ice Fiend
 23851 | IceCv    | Got a sparkling silver ring
 23866 | IceCv    | Identified the +4 hand axe "Ahiufott" {holy, +Rage Stlth+}
                  | (Okawaru gifted it to you on level 1 of the Snake Pit)
 23868 | IceCv    | Identified the ring "Jystoefa" {AC+2 Int+7} (You found it
                  | in an ice cave)
 23900 | IceCv    | Got a pair of bloodstained gloves
 23911 | IceCv    | Identified the +1 pair of gloves of Ceme {Int+2} (You found
                  | it in an ice cave)
 24388 | Swamp:2  | Reached skill level 5 in Invocations
 24580 | Swamp:2  | Found a runed door.
 24928 | Swamp:2  | Reached XP level 18. HP: 100/100 MP: 20/22
 25057 | Swamp:2  | Got a crude whip
 25063 | Swamp:2  | Identified the +3 whip "Muicif" {antimagic, MR- Int+2
                  | Dex+5} (You found it on level 2 of the Swamp)
 25197 | Swamp:3  | Received a gift from Okawaru
 25354 | Swamp:3  | Identified a scroll of acquirement
 25868 | Swamp:3  | Found a runed door.
 25870 | Swamp:3  | Noticed Harpaggios's ghost (journeyman GnTm)
 25888 | Swamp:3  | Killed Harpaggios's ghost
 26019 | Swamp:4  | Entered Level 4 of the Swamp
 26170 | Swamp:4  | HP: 5/101 [eight-headed hydra (4)]
 26170 | Swamp:4  | Slain by an eight-headed hydra

Skill      XL: |  1  2  3  4  5  6  7  8  9 10 11 12 13 14 15 16 17 18 |
---------------+-------------------------------------------------------+-----
Fighting       | 3 4 5 6 7 8 9 10 11 12 13 | 13.7
Axes           | 2 3 4 6 8 10 11 12 14 15 16 17 18 | 18.0
Shields        | 3 4 5 6 7 8 9 10 11 12 13 | 13.6
Armour         | 3 4 5 6 7 8 9 10 | 10.2
Dodging        | 1 2 3 4 5 6 |  6.1
Stealth        | 1 2 3 4 6 |  6.9
Invocations    | 1 2 3 4 5 |  5.3

Action                   |  1- 3 |  4- 6 |  7- 9 | 10-12 | 13-15 | 16-18 || total
-------------------------+-------+-------+-------+-------+-------+-------++-------
Melee: War axe           |    75 |   107 |   209 |   468 |   114 |       ||   973
       Bite              |    24 |    31 |    73 |   194 |   287 |   358 ||   967
       Broad axe         |       |       |       |       |   525 |   761 ||  1286
Invok: Heroism           |       |       |     1 |    15 |    30 |    20 ||    66
       Finesse           |       |       |       |       |     4 |     2 ||     6
  Use: Scroll            |     2 |     1 |    10 |     4 |     4 |    20 ||    41
       Potion            |       |     2 |       |       |     2 |     1 ||     5
 Stab: Distracted        |       |       |       |     2 |       |     3 ||     5
       Sleeping          |       |       |       |       |     3 |     7 ||    10
       Confused          |       |       |       |       |       |     2 ||     2
  Eat: Chunk             |       |     6 |     7 |    18 |    17 |     3 ||    51
       Ration            |       |       |     1 |       |     2 |     7 ||    10
Armor: Scale mail        |    38 |    48 |    64 |   122 |    29 |       ||   301
       Plate armour      |       |       |       |       |   148 |    80 ||   228
       Robe              |       |       |       |       |       |    78 ||    78
Dodge: Dodged            |    21 |    25 |    57 |   152 |   181 |   272 ||   708
Block: Shield            |    34 |    59 |   108 |   306 |   422 |   573 ||  1502
       Large shield      |       |       |       |       |     3 |   162 ||   165
       Reflection        |       |       |       |       |       |    11 ||    11
